 Dungeon Crawl Stone Soup version 0.29-a0-416-g83a48905f1 (webtiles) character file.

Game seed: 9604512138699635584

274 Parzival711 the Chopper (level 6, -12/48 HPs)
             Began as a Demonspawn Berserker on May 16, 2022.
             Was a Priest of Trog.
             Mangled by an ogre
             ... wielding a +0 giant club
              (25 damage)
             ... on level 4 of the Dungeon.
             The game lasted 00:06:47 (3786 turns).

Parzival711 the Chopper (Demonspawn Berserker)      Turns: 3786, Time: 00:06:47

Health: -12/48     AC: 14    Str: 20    XL:     6   Next: 3%
Magic:  6/6        EV:  6    Int:  8    God:    Trog [***...]
Gold:   188        SH:  4    Dex: 18    Spells: 5/5 levels left

rFire   . . .      SeeInvis .   a - +0 hand axe
rCold   + . .      Faith    .   (no shield)
rNeg    . . .      Spirit   .   i - +0 plate armour
rPois   .          Reflect  .   m - +2 helmet of Kole {rC+ Will++}
rElec   .          Harm     .   (no cloak)
rCorr   .          Rampage  .   (no gloves)
Will    ++...                   (no boots)
Stlth   ..........              (no amulet)
HPRegen 0.16/turn               d - +6 ring of dexterity
MPRegen 0.10/turn               (no ring)

@: about to teleport
A: foul stench 2, condensation shield
a: Renounce Religion, Berserk, Trog's Hand


You were on level 4 of the Dungeon.
You worshipped Trog.
Trog was most pleased with you.
You visited 1 branch of the dungeon, and saw 4 of its levels.

You collected 188 gold pieces.

Inventory:

Hand Weapons
 a - a +0 hand axe (weapon)
Armour
 b - a +1 animal skin
 c - a +0 helmet
 i - a +0 plate armour (worn)
 m - the +2 helmet of Kole (worn) {rC+ Will++}
   (You took it off Robin on level 3 of the Dungeon)

   rC:        It protects you from cold.
   Will:      It greatly increases your willpower.
Jewellery
 d - a +6 ring of dexterity (left hand)
Wands
 n - a wand of flame (6)
Scrolls
 e - 3 scrolls of identify
 g - 3 scrolls of teleportation
 h - a scroll of silence {unknown}
 l - 2 scrolls of enchant weapon {unknown}
 o - a scroll of noise {unknown}
 p - a scroll of poison {unknown}
 r - a scroll of torment {unknown}
 t - a scroll of fear {unknown}
Potions
 f - a potion of curing
 j - 2 potions of heal wounds {unknown}
 k - a potion of magic {unknown}
 q - a potion of degeneration {unknown}
 s - a potion of resistance


   Skills:
 + Level 4.1 Fighting
 + Level 4.8 Axes
 + Level 2.8 Armour
 + Level 2.2 Dodging
 + Level 0.3 Stealth


You had 5 spell levels left.
You didn't know any spells.
Your spell library was empty.

Dungeon Overview and Level Annotations

Branches:
Dungeon (4/15)
 Temple: D:4-7

Altars:
Xom

Shops:
D:1 (   D:3 [   D:4 *


Innate Abilities, Weirdness & Mutations

You sometimes emit foul miasma when damaged in melee.
A meltable shield of frost defends you. (SH +4)


Message History

You slash the endoplasm!
You kill the endoplasm!
Trog accepts your kill.
No target in view!
No target in view!
No target in view!
No target in view!
No target in view!
No target in view!
No target in view!
No target in view!
No target in view!
No target in view!
A kobold comes into view. It is wielding a +0 whip.
The kobold shouts!
The kobold moves out of view.
An ogre comes into view. It is wielding a +0 giant club.
The ogre shouts!
The kobold hits you but does no damage. The kobold hits you but does no damage.
Aiming: Throw Flame
Press: ? - help, Q - select action, (/) - cycle Shift-Dir - straight line, f - ogre
Aim: an ogre, wielding a +0 giant club (85% to hit)
The puff of flame hits the ogre!
The ogre is moderately wounded.
The kobold barely misses you.
The ogre hits you with a +0 giant club!!
The kobold hits you but does no damage. The ogre hits you with a +0 giant club!
The kobold barely misses you. The kobold hits you but does no damage.
As you read the scroll of teleportation, it crumbles to dust.
You feel strangely unstable. The ogre hits you with a +0 giant club!
* * * LOW HITPOINT WARNING * * *
The kobold hits you with a +0 whip.
* * * LOW HITPOINT WARNING * * *
Unknown command.
You feel better. The kobold hits you but does no damage.
The ogre hits you with a +0 giant club!!
Ouch! That really hurt!
You die...

...#. #.................
#....###...#.............
#....b...##............. #
#.....#.##..#..........
##.#.....#..##.#.......≈##
#...........#.........≈...
#.....................≈.≈
#.##...K............#≈...
##..O@...........#.≈##
###..................
#..................
#..#.........##.....
#.##......).## .....
##.........## .##..
#.......#... .. ..
#....>..##... . .
###....## ...


You could see an ogre and a kobold.

Vanquished Creatures
  A scorpion (D:4)
  An orc priest (D:4)
  A hound (D:3)
  An orc wizard (D:4)
  Robin (D:3)
  3 adders
  2 worms (D:3)
  A dart slug (D:3)
  2 orcs (D:4)
  9 endoplasms
  A giant cockroach (D:3)
  6 hobgoblins
  4 jackals (D:1)
  8 kobolds
  3 quokkas
  9 ball pythons
  10 bats
  A frilled lizard (D:3)
  16 goblins
  3 rats
  A butterfly (D:4)
84 creatures vanquished.

Notes
Turn   | Place    | Note
-------+----------+-------------------------------------------
     0 | D:1      | Parzival711 the Demonspawn Berserker began the quest for
                  | the Orb.
     0 | D:1      | Reached XP level 1. HP: 18/18 MP: 1/1
   254 | D:1      | Gained mutation: You may rarely emit foul miasma when
                  | damaged in melee. [demonic ancestry]
   254 | D:1      | Reached XP level 2. HP: 14/24 MP: 2/2
   712 | D:1      | Found Ussinof's Antique Weapon Emporium.
  1191 | D:2      | Reached ** piety under Trog
  1192 | D:2      | Gained mutation: You sometimes emit foul miasma when
                  | damaged in melee. [demonic ancestry]
  1192 | D:2      | Reached XP level 3. HP: 28/29 MP: 3/3
  1673 | D:2      | Found a faded altar of an unknown god.
  1788 | D:2      | Found a shimmering altar of Xom.
  2149 | D:3      | Found Hoekas's Antique Armour Shoppe.
  2216 | D:3      | Identified the +2 helmet of Kole {rC+ Will++}
  2216 | D:3      | Noticed Robin
  2228 | D:3      | Reached XP level 4. HP: 34/35 MP: 4/4
  2246 | D:3      | Killed Robin
  2758 | D:3      | Reached XP level 5. HP: 40/42 MP: 5/5
  3080 | D:4      | Reached *** piety under Trog
  3092 | D:4      | Found Qustris's Assorted Antiques.
  3440 | D:4      | Found a shimmering altar of Xom.
  3474 | D:4      | Gained mutation: A meltable shield of frost defends you.
                  | (SH +4) [demonic ancestry]
  3474 | D:4      | Reached XP level 6. HP: 19/48 MP: 6/6
  3786 | D:4      | Mangled by an ogre

Illustrated notes

Levels and vault maps discovered:
D:1:      giann_horns, layout_basic, serial_shops, nicolae_lakefront_shop,
          solitary_fountain, minmay_tromino_i2
D:2:      layout_rooms, basic_altar, ebering_ecumenical_altar_webs
D:3:      layout_rooms, serial_shops, shop_fountains, chequers_jeans,
          minmay_misc_feat_chi, minmay_misc_feat_roman, nrook_mini_vaults,
          kennysheep_nondescript, grunt_ministairs_6, minmay_bisected,
          uniq_robin
D:4:      layout_cave_pools, nicolae_ru_path_of_blood, xom_butterflies,
          serial_shops, shop, item_on_display_b

Skill      XL: |  1  2  3  4  5 |
---------------+----------------+-----
Axes           | 3 4 |  4.8
Dodging        | 2 |  2.2
Armour         | 2 |  2.8
Fighting       | 4 |  4.1
Stealth        | |  0.3

Action                   |  1- 3 |  4- 6 || total
-------------------------+-------+-------++-------
Melee: Hand axe          |   118 |   111 ||   229
       Punch             |     2 |       ||     2
Evoke: Wand              |       |     1 ||     1
  Use: Scroll            |     5 |     1 ||     6
       Potion            |       |     1 ||     1
 Stab: Sleeping          |     1 |       ||     1
Armor: Animal skin       |    40 |       ||    40
       Plate armour      |    38 |   136 ||   174
Dodge: Dodged            |    88 |    47 ||   135

Table legend: (Time is in decaauts)
 A = Elapsed time spent in this place.
 B = Non-inter-level travel time spent in this place.
 C = Inter-level travel time spent in this place.
 D = Time resting spent in this place.
 E = Time spent auto-exploring this place.
 F = Levels seen in this place.
 G = Mean time per level.
                   A        B        C        D        E       F      G
               +--------+--------+--------+--------+--------+-----+--------+
         Total |   3811 |   3719 |     92 |    531 |   2268 |   4 |  952.8 |
       Dungeon |   3811 |   3719 |     92 |    531 |   2268 |   4 |  952.8 |
               +--------+--------+--------+--------+--------+-----+--------+

Top non-repeatable levels by time:
     D:1: 1142 daAuts
     D:3: 1029 daAuts
     D:2: 920 daAuts
     D:4: 718 daAuts
